 Dungeon Crawl Stone Soup version 0.27-a0-633-gc6addc0a40 (webtiles) character file.

Game seed: 7250659489438793571

471 spiderkeys the Purveyor of Pain (level 7, 0/50 HPs)
             Began as a Gnoll Necromancer on Mar 13, 2021.
             Was an Initiate of Kikubaaqudgha.
             Slain by Duvessa
             ... wielding a +0 short sword
              (4 damage)
             ... on level 4 of the Dungeon.
             The game lasted 00:08:16 (4938 turns).

spiderkeys the Purveyor of Pain (Gnoll Necromancer) Turns: 4938, Time: 00:08:17

Health: 0/50       AC:  3    Str:  8    XL:     7   Next: 9%
Magic:  15/15      EV: 13    Int: 16    God:    Kikubaaqudgha [......]
Gold:   153        SH:  4    Dex: 12    Spells: 9/17 levels left

rFire    . . .     SeeInvis .   d - +1 short sword (speed)
rCold    . . .     Faith    .   i - +0 buckler
rNeg     . . .     Spirit   .   a - +0 robe
rPois    .         Reflect  .   s - +0 helmet
rElec    .         Harm     +   m - scarf {harm}
rCorr    .         Rampage  .   (no gloves)
Will     .....                  (no boots)
Stlth    +++.......             (no amulet)
HPRegen  0.16/turn              (no ring)
MPRegen  0.14/turn              (no ring)

@: no status effects
A: fangs 1, strong nose, distributed training
a: Renounce Religion


You were on level 4 of the Dungeon.
You worshipped Kikubaaqudgha.
Kikubaaqudgha was noncommittal.
You visited 2 branches of the dungeon, and saw 5 of its levels.

You collected 153 gold pieces.

Inventory:

Hand Weapons
 d - a +1 short sword of speed (weapon)
Missiles
 j - 8 atropa-tipped darts
 p - 10 javelins
Armour
 a - a +0 robe (worn)
 i - a +0 buckler (worn)
 m - a scarf of harm (worn)
 s - a +0 helmet (worn)
Scrolls
 f - a scroll of teleportation {unknown}
 g - 2 scrolls of enchant armour {unknown}
 k - 2 scrolls of enchant weapon
 q - 2 scrolls of blinking {unknown}
 r - 3 scrolls of identify {unknown}
Potions
 b - 4 potions of heal wounds {unknown}
 c - 3 potions of degeneration {unknown}
 e - 2 potions of curing
 h - 2 potions of lignification {unknown}
 l - 2 potions of flight {unknown}
 n - a potion of mutation {unknown}
 o - a potion of brilliance {unknown}


   Skills:
 + Level 2.2 Fighting
 + Level 2.2 Short Blades
 + Level 2.2 Long Blades
 + Level 2.2 Axes
 + Level 2.2 Maces & Flails
 + Level 2.2 Polearms
 + Level 2.2 Staves
 + Level 2.2 Slings
 + Level 2.2 Bows
 + Level 2.2 Crossbows
 + Level 2.2 Throwing
 + Level 2.2 Armour
 + Level 5.1 Dodging
 + Level 4.8 Stealth
 + Level 2.2 Shields
 + Level 2.2 Unarmed Combat
 + Level 5.5 Spellcasting
 + Level 1.8 Conjurations
 + Level 1.8 Hexes
 + Level 1.8 Summonings
 + Level 7.3 Necromancy
 + Level 1.8 Translocations
 + Level 1.8 Transmutations
 + Level 1.8 Fire Magic
 + Level 1.8 Ice Magic
 + Level 1.8 Air Magic
 + Level 1.8 Earth Magic
 + Level 1.8 Poison Magic
 + Level 2.5 Invocations
 + Level 2.2 Evocations


You had 9 spell levels left.
You knew the following spells:

 Your Spells              Type           Power      Damage    Failure   Level
a - Pain                  Necr           100%       1d9       1%          1
b - Vampiric Draining     Necr           14%        2d8       2%          3
c - Animate Dead          Necr           14%        N/A       9%          4

Your spell library contained the following spells:

 Spells                   Type           Power      Damage    Failure   Level
 Animate Skeleton         Necr           56%        N/A       1%          1
 Corona                   Hex            11%        N/A       9%          1
 Ensorcelled Hibernation  Hex/Ice        20%        N/A       13%         2
 Agony                    Necr           28%        N/A       24%         5
 Confusing Touch          Hex            10%        N/A       26%         3
 Dazzling Flash           Conj/Hex       20%        N/A       26%         3
 Tukima's Dance           Hex            10%        N/A       26%         3


Dungeon Overview and Level Annotations

Branches:
Dungeon (4/15)             Temple (1/1) D:4

Altars:
Dithmenos
Fedhas
Gozag
Hepliaklqana
Kikubaaqudgha
Makhleb
Nemelex Xobeh
Okawaru
Qazlal
Ru
Sif Muna
Trog
Vehumet
Wu Jian
Yredelemnul
Zin
The Shining One

Annotations:
D:4 Dowan, Duvessa


Innate Abilities, Weirdness & Mutations

You have very sharp teeth.
Your uncanny sense of smell can sniff out nearby items.
Your experience applies equally to all skills.


Message History

Duvessa is lightly wounded.
Dowan barely misses you. Duvessa hits you with a +0 short sword.
You catch the helpless Duvessa completely off-guard!
You puncture Duvessa! Your bite misses Duvessa.
Duvessa is moderately wounded.
Throw: 14 javelins
Press: ? - help, Shift-Dir - straight line, f/p - Duvessa
Aim: Duvessa, wielding a +0 short sword and wearing a +0 ring mail (moderately wounded, blind, 67% to hit)
You throw a javelin. The javelin closely misses Duvessa.
Duvessa is no longer blind.
Dowan hits you with a +0 dagger. Duvessa hits you but does no damage.
Dowan hits you with a +0 dagger. Duvessa closely misses you.
Throw: 13 javelins
Press: ? - help, Shift-Dir - straight line, f/p - Duvessa
Aim: Duvessa, wielding a +0 short sword and wearing a +0 ring mail (moderately wounded, 67% to hit)
You throw a javelin. The javelin pierces through Duvessa.
Duvessa is heavily wounded.
Dowan closely misses you. Duvessa barely misses you.
Throw: 12 javelins
Press: ? - help, Shift-Dir - straight line, f/p - Duvessa
Aim: Duvessa, wielding a +0 short sword and wearing a +0 ring mail (heavily wounded, 67% to hit)
You throw a javelin. The javelin barely misses Duvessa.
Dowan hits you with a +0 dagger. Duvessa hits you with a +0 short sword!
* * * LOW HITPOINT WARNING * * *
Throw: 11 javelins
Press: ? - help, Shift-Dir - straight line, f/p - Duvessa
Aim: Duvessa, wielding a +0 short sword and wearing a +0 ring mail (heavily wounded, 67% to hit)
You throw a javelin. The javelin pierces through Duvessa.
Duvessa is heavily wounded.
Dowan barely misses you. Duvessa hits you but does no damage.
Dowan hits you but does no damage. Duvessa completely misses you.
As you read the scroll labelled WYODUT UCH, it crumbles to dust.
It is a scroll of enchant weapon.
Your +0 short sword of speed glows red for a moment.
Dowan points at you and mumbles some strange words.
The puff of flame hits you.
* * * LOW HITPOINT WARNING * * *
Duvessa hits you with a +0 short sword.
You die...
Kikubaaqudgha rasps: "You have failed me!
Welcome... death!"

### #.# #.# #.# #.# #####
##### ###########.#####....
##...# ..............##ee#
##...## ###########.....@#
#..### #######...### #..#
###........## #..#
#>..#####...# ##.## ###.###
#.#.## #..# ##...# ###.#..#
#..# ...### #...##.## #..#
##########.###...#########.##
# ##.....#................>#


You could see Duvessa and Dowan.

Vanquished Creatures
  Grinder (D:4)
  A howler monkey (D:3)
  3 hounds
  Robin (D:3)
  6 adders
  A dart slug (D:1)
  3 leopard geckos
  3 orcs
  4 bats
  10 giant cockroaches
  11 goblins
  14 hobgoblins
  4 jackals
  A quokka (D:3)
  A ball python (D:1)
  7 frilled lizards
  7 kobolds
  6 rats
84 creatures vanquished.

Notes
Turn   | Place    | Note
-------+----------+-------------------------------------------
     0 | D:1      | spiderkeys the Gnoll Necromancer began the quest for the
                  | Orb.
     0 | D:1      | Reached XP level 1. HP: 13/13 MP: 6/6
   198 | D:1      | Reached XP level 2. HP: 17/19 MP: 4/7
   963 | D:2      | Reached skill level 5 in Spellcasting
   963 | D:2      | Reached XP level 3. HP: 22/25 MP: 5/9
  1019 | D:2      | Found a blossoming altar of Fedhas.
  1109 | D:2      | Reached skill level 1 in Invocations
  1506 | D:2      | Reached skill level 1 in Fighting
  1506 | D:2      | Reached skill level 1 in Short Blades
  1506 | D:2      | Reached skill level 1 in Long Blades
  1506 | D:2      | Reached skill level 1 in Axes
  1506 | D:2      | Reached skill level 1 in Maces & Flails
  1506 | D:2      | Reached skill level 1 in Polearms
  1506 | D:2      | Reached skill level 1 in Staves
  1506 | D:2      | Reached skill level 1 in Slings
  1506 | D:2      | Reached skill level 1 in Bows
  1506 | D:2      | Reached skill level 1 in Crossbows
  1506 | D:2      | Reached skill level 1 in Throwing
  1506 | D:2      | Reached skill level 1 in Armour
  1506 | D:2      | Reached skill level 1 in Shields
  1506 | D:2      | Reached skill level 1 in Unarmed Combat
  1506 | D:2      | Reached skill level 1 in Evocations
  1776 | D:2      | Reached XP level 4. HP: 29/32 MP: 7/11
  1975 | D:3      | Learned a level 3 spell: Vampiric Draining
  1980 | D:3      | Learned a level 4 spell: Animate Dead
  2154 | D:3      | Reached skill level 1 in Conjurations
  2154 | D:3      | Reached skill level 1 in Hexes
  2154 | D:3      | Reached skill level 1 in Summonings
  2154 | D:3      | Reached skill level 1 in Translocations
  2154 | D:3      | Reached skill level 1 in Transmutations
  2154 | D:3      | Reached skill level 1 in Fire Magic
  2154 | D:3      | Reached skill level 1 in Ice Magic
  2154 | D:3      | Reached skill level 1 in Air Magic
  2154 | D:3      | Reached skill level 1 in Earth Magic
  2154 | D:3      | Reached skill level 1 in Poison Magic
  2237 | D:3      | Found a bloodstained altar of Trog.
  2443 | D:3      | Reached XP level 5. HP: 29/37 MP: 5/12
  2548 | D:3      | Noticed Robin
  3511 | D:3      | Killed Robin
  3570 | D:4      | Found a staircase to the Ecumenical Temple.
  3575 | D:4      | Noticed Grinder
  3801 | D:4      | Paralysed by Grinder for 2 turns
  3809 | D:3      | Reached XP level 6. HP: 21/44 MP: 4/13
  4036 | D:4      | Paralysed by Grinder for 4 turns
  4377 | D:4      | Paralysed by Grinder for 3 turns
  4386 | D:4      | Killed Grinder
  4387 | D:4      | Reached skill level 5 in Dodging
  4387 | D:4      | Reached XP level 7. HP: 30/50 MP: 13/15
  4682 | Temple   | Entered the Ecumenical Temple
  4689 | Temple   | Became a worshipper of Kikubaaqudgha
  4833 | D:4      | Noticed Duvessa
  4833 | D:4      | Noticed Dowan
  4938 | D:4      | Slain by Duvessa

Illustrated notes

Levels and vault maps discovered:
D:1:      minmay_arrival_up_and_down, layout_basic, patterned_corridor
D:2:      layout_basic, fedhas_ov_isle_minmay, minmay_tetromino_i2
D:3:      layout_basic, old_standard_altar, uniq_robin
D:4:      layout_rooms, minmay_temple_entry_arrows, corexii_leaking_fountain,
          tgw_sif, uniq_grinder, uniq_duvessa
Temple:   minmay_freezing_vapour_temple

Skill      XL: |  1  2  3  4  5  6 |
---------------+-------------------+-----
Spellcasting   | 5 |  5.5
Invocations    | 1 2 |  2.5
Fighting       | 1 2 |  2.2
Short Blades   | 1 2 |  2.2
Long Blades    | 1 2 |  2.2
Axes           | 1 2 |  2.2
Maces & Flails | 1 2 |  2.2
Polearms       | 1 2 |  2.2
Staves         | 1 2 |  2.2
Slings         | 1 2 |  2.2
Bows           | 1 2 |  2.2
Crossbows      | 1 2 |  2.2
Throwing       | 1 2 |  2.2
Armour         | 1 2 |  2.2
Shields        | 1 2 |  2.2
Unarmed Combat | 1 2 |  2.2
Evocations     | 1 2 |  2.2
Conjurations   | 1 |  1.8
Hexes          | 1 |  1.8
Summonings     | 1 |  1.8
Translocations | 1 |  1.8
Transmutations | 1 |  1.8
Fire Magic     | 1 |  1.8
Ice Magic      | 1 |  1.8
Air Magic      | 1 |  1.8
Earth Magic    | 1 |  1.8
Poison Magic   | 1 |  1.8
Dodging        | 5 |  5.1
Stealth        | |  4.8
Necromancy     | |  7.3

Action                   |  1- 3 |  4- 6 |  7- 9 || total
-------------------------+-------+-------+-------++-------
Melee: Short sword       |     3 |    11 |     7 ||    21
       Bite              |       |     1 |     1 ||     2
Throw: Dart              |       |    10 |     4 ||    14
       Javelin           |       |     2 |     4 ||     6
 Cast: Pain              |    59 |    77 |     7 ||   143
       Animate Dead      |       |     1 |       ||     1
       Vampiric Draining |       |     1 |       ||     1
  Use: Scroll            |       |       |     1 ||     1
 Stab: Sleeping          |     1 |       |       ||     1
       Invisible         |       |     3 |     1 ||     4
Armor: Robe              |     1 |     7 |     3 ||    11
Dodge: Dodged            |     5 |    29 |    11 ||    45
Block: Buckler           |     1 |    11 |     2 ||    14

Table legend: (Time is in decaauts)
 A = Elapsed time spent in this place.
 B = Non-inter-level travel time spent in this place.
 C = Inter-level travel time spent in this place.
 D = Time resting spent in this place.
 E = Time spent auto-exploring this place.
 F = Levels seen in this place.
 G = Mean time per level.
                   A        B        C        D        E       F      G
               +--------+--------+--------+--------+--------+-----+--------+
         Total |   4940 |   4757 |    183 |    929 |   3240 |   5 |  988.0 |
       Dungeon |   4927 |   4744 |    183 |    929 |   3240 |   4 | 1231.8 |
        Temple |     12 |     12 |      0 |      0 |      0 |   1 |   12.0 |
               +--------+--------+--------+--------+--------+-----+--------+

Top non-repeatable levels by time:
     D:3: 2110 daAuts
     D:2: 1283 daAuts
     D:1: 941 daAuts
     D:4: 592 daAuts
  Temple: 12 daAuts
